SAA
DURHAM RAPIERS @ ATHLETIC CLUB KC ACADEMY
08/31/2032
 
TOP OF THE 1ST
Durham Rapiers batting - Pitching for Athletic Club KC Academy : RHP Tom Erickson
Pitching: RHP Tom Erickson
Batting: RHB Askari bin Idris 0-0: Ball
1-0: Ball
2-0: Called Strike
2-1: Called Strike
2-2: Ball
3-2: Strikes out swinging
Batting: RHB Colby King 0-0: Foul Ball, location: 2F
0-1: Foul Ball, location: 2F
0-2: Ball
1-2: Foul Ball, location: 2F
1-2: Strikes out looking
Batting: SHB Cash Masters 0-0: Called Strike
0-1: Ball
1-1: Swinging Strike
1-2: Fly out, F9 (Flyball, 89S)
Top of the 1st over - 0 runs, 0 hits, 0 errors, 0 left on base; Durham 0 - Athletic Club KC Academy 0
BOTTOM OF THE 1ST
Athletic Club KC Academy batting - Pitching for Durham Rapiers : RHP Karl Dandleton
Pitching: RHP Karl Dandleton
Batting: LHB Chi-hun Chong 0-0: Foul Ball, location: 2F
0-1: Ball
1-1: SINGLE (Line Drive, 56D)
Batting: RHB Troy Whitehurst 0-0: Called Strike
0-1: Ball
1-1: Foul Ball, location: 2F
1-2: Ball
2-2: Ball
3-2: DOUBLE (Line Drive, 8LD)
Chi-hun Chong to third
Chi-hun Chong scores
Batting: RHB Colin Bottone 0-0: SINGLE (Groundball, 56D)
Troy Whitehurst to third
Runner from 3rd tries for Home, SAFE, no throw
Batting: RHB Abeni Mbanefo 0-0: Swinging Strike
0-1: Ball
1-1: Called Strike
1-2: Ball
2-2: Ground out 6-3 (Groundball, 6S)
Colin Bottone to second
Batting: SHB Ijsbrand van Hoogewegen 0-0: Ball
1-0: Ground out 4-3 (Groundball, 4)
Colin Bottone to third
Batting: RHB Chee-hwa Tze 0-0: SINGLE (Groundball, 4MD)
Colin Bottone scores
Batting: LHB Luis Miguel González 0-0: Ball
1-0: Foul Ball, location: 2F
1-1: Ball
2-1: Foul Ball, location: 2F
2-2: Ball
3-2: Fly out, F9 (Flyball, 9D)
Bottom of the 1st over - 3 runs, 4 hits, 0 errors, 1 left on base; Durham 0 - Athletic Club KC Academy 3
TOP OF THE 2ND
Durham Rapiers batting - Pitching for Athletic Club KC Academy : RHP Tom Erickson
Batting: RHB Armando Chamú 0-0: Ball
1-0: Called Strike
1-1: Foul Ball, location: 2F
1-2: Ground out 6-3 (Groundball, 6)
Batting: RHB Mun-wah Law 0-0: Called Strike
0-1: Hit by Pitch
Batting: RHB Tomás Costello 0-0: Ball
1-0: Grounds into double play, 5-4-3 (Groundball, 56)
Top of the 2nd over - 0 runs, 0 hits, 0 errors, 0 left on base; Durham 0 - Athletic Club KC Academy 3
BOTTOM OF THE 2ND
Athletic Club KC Academy batting - Pitching for Durham Rapiers : RHP Karl Dandleton
Batting: RHB Francisco Vigil 0-0: Ball
1-0: Ground out 3-1 (Groundball, 34S)
Batting: RHB Leonardo Hernández 0-0: Foul Ball, location: 2F
0-1: Ball
1-1: Ball
2-1: Foul Ball, location: 2F
2-2: Ground out 6-3 (Groundball, 6)
Batting: LHB Chi-hun Chong 0-0: Called Strike
0-1: Fly out, F9 (Flyball, 89D)
Bottom of the 2nd over - 0 runs, 0 hits, 0 errors, 0 left on base; Durham 0 - Athletic Club KC Academy 3
TOP OF THE 3RD
Durham Rapiers batting - Pitching for Athletic Club KC Academy : RHP Tom Erickson
Batting: LHB Steve Costillo 0-0: Called Strike
0-1: SINGLE (Line Drive, 4)
Batting: RHB Keiran Calleson 0-0: Foul Ball, location: 2F
0-1: Swinging Strike
0-2: Ball
1-2: Ball
2-2: Ball
3-2: Ground out 6-3 (Groundball, 6)
Steve Costillo to second
Batting: RHB Yoshi Kouda 0-0: Ball
1-0: Swinging Strike
1-1: Called Strike
1-2: Ball
2-2: Foul Ball, location: 2F
2-2: Ball
3-2: Strikes out looking
Batting: RHB Askari bin Idris 0-0: Called Strike
0-1: SINGLE (Groundball, 6MD)
Steve Costillo to third
Runner from 3rd tries for Home, SAFE, no throw
Batting: RHB Colby King 0-0: Ball
1-0: Foul Ball, location: 2F
1-1: Swinging Strike
1-2: Foul Ball, location: 2F
1-2: Ball
2-2: SINGLE (Groundball, 56D)
Askari bin Idris to second
Batting: SHB Cash Masters 0-0: Called Strike
0-1: Ball
1-1: Foul Ball, location: 2F
1-2: SINGLE (Groundball, 6D)
Askari bin Idris to third
Colby King to second
Runner from 3rd tries for Home, SAFE, no throw
Batting: RHB Armando Chamú 0-0: Foul Ball, location: 2F
0-1: Ball
1-1: Fielders Choice at 2nd, 6-4 (Groundball, 6)
Top of the 3rd over - 2 runs, 4 hits, 0 errors, 2 left on base; Durham 2 - Athletic Club KC Academy 3
BOTTOM OF THE 3RD
Athletic Club KC Academy batting - Pitching for Durham Rapiers : RHP Karl Dandleton
Batting: RHB Troy Whitehurst 0-0: DOUBLE (Flyball, 8LXD)
Batting: RHB Colin Bottone 0-0: Foul Ball, location: 2F
0-1: Ball
1-1: Ball
2-1: Called Strike
2-2: Ball
3-2: SINGLE (Groundball, 56D)
Troy Whitehurst to third
Batting: RHB Abeni Mbanefo 0-0: 3-RUN HOME RUN (Flyball, 7LD), Distance : 343 ft
Batting: SHB Ijsbrand van Hoogewegen 0-0: Ball
1-0: Ball
2-0: Called Strike
2-1: Foul Ball, location: 2F
2-2: Ball
3-2: Base on Balls
Batting: RHB Chee-hwa Tze 0-0: Ball
1-0: Called Strike
1-1: Swinging Strike
1-2: Grounds into double play, 6-4-3 (Groundball, 6)
Batting: LHB Luis Miguel González 0-0: DOUBLE (Line Drive, 89D)
Batting: RHB Francisco Vigil 0-0: Called Strike
0-1: Ball
1-1: Foul Ball, location: 2F
1-2: Foul Ball, location: 2F
1-2: Ball
2-2: Ball
3-2: Strikes out swinging
Bottom of the 3rd over - 3 runs, 4 hits, 0 errors, 1 left on base; Durham 2 - Athletic Club KC Academy 6
TOP OF THE 4TH
Durham Rapiers batting - Pitching for Athletic Club KC Academy : RHP Tom Erickson
Batting: RHB Mun-wah Law 0-0: Ball
1-0: Called Strike
1-1: Fly out, F5 (Popup, 5SF)
Batting: RHB Tomás Costello 0-0: Ball
1-0: SINGLE (Flyball, 8LS)
Batting: LHB Steve Costillo 0-0: Called Strike
0-1: Ball
1-1: Ball
2-1: Ball
3-1: Foul Ball, location: 2F
3-2: Foul Ball, location: 2F
3-2: Base on Balls
Tomás Costello to second
Batting: RHB Keiran Calleson 0-0: Called Strike
0-1: Swinging Strike
0-2: Strikes out looking
Batting: RHB Yoshi Kouda 0-0: Called Strike
0-1: Swinging Strike
0-2: Ball
1-2: Ball
2-2: Strikes out swinging
Top of the 4th over - 0 runs, 1 hit, 0 errors, 2 left on base; Durham 2 - Athletic Club KC Academy 6
BOTTOM OF THE 4TH
Athletic Club KC Academy batting - Pitching for Durham Rapiers : RHP Karl Dandleton
Batting: RHB Leonardo Hernández 0-0: Ball
1-0: Ground out 6-3 (Groundball, 6)
Batting: LHB Chi-hun Chong 0-0: SINGLE (Line Drive, 6MD)
Batting: RHB Troy Whitehurst 0-0: Called Strike
Chi-hun Chong steals 2nd base
0-1: Ball
1-1: Ground out 6-3 (Groundball, 6)
Batting: RHB Colin Bottone 0-0: Called Strike
0-1: Foul Ball, location: 2F
0-2: Foul Ball, location: 2F
0-2: Ground out 6-3 (Groundball, 6D)
Bottom of the 4th over - 0 runs, 1 hit, 0 errors, 1 left on base; Durham 2 - Athletic Club KC Academy 6
TOP OF THE 5TH
Durham Rapiers batting - Pitching for Athletic Club KC Academy : RHP Tom Erickson
Batting: RHB Askari bin Idris 0-0: Ball
1-0: Ball
2-0: Ball
3-0: Called Strike
3-1: Foul Ball, location: 2F
3-2: Base on Balls
Batting: RHB Colby King 0-0: Called Strike
0-1: Ball
1-1: Ball
2-1: Foul Ball, location: 2F
2-2: 2-RUN HOME RUN (Flyball, 7LD), Distance : 340 ft
Batting: SHB Cash Masters 0-0: Ball
1-0: Ball
2-0: Ball
3-0: Base on Balls
Batting: RHB Armando Chamú 0-0: Fly out, F7 (Flyball, 7LM)
Batting: RHB Mun-wah Law 0-0: Ball
1-0: Called Strike
1-1: Foul Ball, location: 2F
1-2: Reached on error, E1 (Groundball, 15)
Cash Masters to second
Pitching: RHP Cristián Rojas
Batting: RHB Tomás Costello 0-0: Ball
1-0: Swinging Strike
1-1: Fly out, F1 (Line Drive, 13)
Batting: LHB Steve Costillo 0-0: Foul Ball, location: 2F
0-1: Foul Ball, location: 2F
0-2: Strikes out swinging
Top of the 5th over - 2 runs, 1 hit, 1 error, 2 left on base; Durham 4 - Athletic Club KC Academy 6
BOTTOM OF THE 5TH
Athletic Club KC Academy batting - Pitching for Durham Rapiers : RHP Karl Dandleton
Batting: RHB Abeni Mbanefo 0-0: Ball
1-0: Called Strike
1-1: Ground out 4-3 (Groundball, 6M)
Batting: SHB Ijsbrand van Hoogewegen 0-0: Called Strike
0-1: Swinging Strike
0-2: SINGLE (Flyball, 89M)
Batting: RHB Chee-hwa Tze 0-0: Ball
Ijsbrand van Hoogewegen is caught stealing 2nd base
1-0: Ball
2-0: Fly out, F9 (Line Drive, 89M)
Bottom of the 5th over - 0 runs, 1 hit, 0 errors, 0 left on base; Durham 4 - Athletic Club KC Academy 6
TOP OF THE 6TH
Durham Rapiers batting - Pitching for Athletic Club KC Academy : RHP Cristián Rojas
Batting: RHB Keiran Calleson 0-0: Swinging Strike
0-1: Ground out U3 (Groundball, 3)
Batting: RHB Yoshi Kouda 0-0: Ball
1-0: Ball
2-0: Ball
3-0: Base on Balls
Batting: RHB Askari bin Idris 0-0: Ball
1-0: Foul Ball, location: 2F
1-1: Foul Ball, location: 2F
1-2: Ball
2-2: Foul Ball, location: 2F
2-2: Strikes out swinging
Batting: RHB Colby King 0-0: Called Strike
0-1: Ball
1-1: Foul Ball, location: 2F
1-2: Ball
Yoshi Kouda steals 2nd base
2-2: Ball
3-2: Base on Balls
Batting: SHB Cash Masters 0-0: Foul Ball, location: 2F
0-1: Ball
1-1: Foul Ball, location: 2F
1-2: Ball
2-2: Strikes out swinging
Top of the 6th over - 0 runs, 0 hits, 0 errors, 2 left on base; Durham 4 - Athletic Club KC Academy 6
BOTTOM OF THE 6TH
Athletic Club KC Academy batting - Pitching for Durham Rapiers : RHP Karl Dandleton
Pitching: RHP Francisco Rivera
Batting: LHB Luis Miguel González 0-0: Ground out 4-3 (Groundball, 4)
Batting: RHB Francisco Vigil 0-0: Ball
1-0: Swinging Strike
1-1: Swinging Strike
1-2: Ball
2-2: Foul Ball, location: 2F
2-2: Strikes out swinging
Batting: RHB Leonardo Hernández 0-0: Foul Ball, location: 2F
0-1: SINGLE (Flyball, 6MD)
Batting: LHB Chi-hun Chong 0-0: Ball
1-0: Called Strike
1-1: Ball
2-1: Foul Ball, location: 2F
2-2: SINGLE (Line Drive, 56D)
Leonardo Hernández to second
Batting: RHB Troy Whitehurst 0-0: Swinging Strike
0-1: Ball
1-1: Foul Ball, location: 2F
1-2: Ball
2-2: Strikes out swinging
Bottom of the 6th over - 0 runs, 2 hits, 0 errors, 2 left on base; Durham 4 - Athletic Club KC Academy 6
TOP OF THE 7TH
Durham Rapiers batting - Pitching for Athletic Club KC Academy : RHP Cristián Rojas
Batting: RHB Armando Chamú 0-0: Ball
1-0: Called Strike
1-1: Swinging Strike
1-2: Strikes out swinging
Batting: RHB Mun-wah Law 0-0: Ball
1-0: Ground out 6-3 (Groundball, 6)
Batting: RHB Tomás Costello 0-0: Ball
1-0: Called Strike
1-1: Foul Ball, location: 2F
1-2: SINGLE (Flyball, 9LS)
Batting: LHB Steve Costillo 0-0: Called Strike
0-1: Ball
1-1: Swinging Strike
1-2: Foul Ball, location: 2F
1-2: Foul Ball, location: 2F
1-2: Foul Ball, location: 2F
1-2: 2-RUN HOME RUN (Flyball, 9LD), Distance : 339 ft
Pitching: RHP Alberto Ortíz
Batting: RHB Keiran Calleson 0-0: Ball
1-0: Ball
2-0: Foul Ball, location: 2F
2-1: Fly out, F9 (Flyball, 89S)
Top of the 7th over - 2 runs, 2 hits, 0 errors, 0 left on base; Durham 6 - Athletic Club KC Academy 6
BOTTOM OF THE 7TH
Athletic Club KC Academy batting - Pitching for Durham Rapiers : RHP Francisco Rivera
Batting: RHB Colin Bottone 0-0: Foul Ball, location: 2F
0-1: Swinging Strike
0-2: Foul Ball, location: 2F
0-2: Fly out, F8 (Flyball, 8LM)
Batting: SHB Tomás Solorzano 0-0: Ball
1-0: Called Strike
1-1: Fly out, F9 (Flyball, 9)
Batting: SHB Ijsbrand van Hoogewegen 0-0: Foul Ball, location: 2F
0-1: Swinging Strike
0-2: Ball
1-2: SINGLE (Flyball, 89S)
Batting: RHB Chee-hwa Tze 0-0: Ball
1-0: Called Strike
1-1: Ball
2-1: Ball
3-1: Called Strike
3-2: Foul Ball, location: 2F
3-2: Base on Balls
Ijsbrand van Hoogewegen to second
Batting: LHB Luis Miguel González 0-0: DOUBLE (Flyball, 89XD)
Ijsbrand van Hoogewegen scores
Chee-hwa Tze to third
Runner from 3rd tries for Home, SAFE, no throw
Pitching: RHP José Morales
Batting: RHB Francisco Vigil 0-0: Swinging Strike
0-1: Ball
1-1: Fly out, F7 (Flyball, 7LM)
Bottom of the 7th over - 2 runs, 2 hits, 0 errors, 1 left on base; Durham 6 - Athletic Club KC Academy 8
TOP OF THE 8TH
Durham Rapiers batting - Pitching for Athletic Club KC Academy : RHP Alberto Ortíz
Now at 2B: Miguel Vásquez
Now in RF: Tomás Solorzano
Batting: RHB Yoshi Kouda 0-0: Called Strike
0-1: Foul Ball, location: 2F
0-2: Ball
1-2: Fly out, F6 (Line Drive, 6M)
Batting: RHB Askari bin Idris 0-0: Called Strike
0-1: Ball
1-1: Fly out, F7 (Flyball, 7S)
Batting: RHB Colby King 0-0: Called Strike
0-1: Swinging Strike
0-2: Strikes out swinging
Top of the 8th over - 0 runs, 0 hits, 0 errors, 0 left on base; Durham 6 - Athletic Club KC Academy 8
BOTTOM OF THE 8TH
Athletic Club KC Academy batting - Pitching for Durham Rapiers : RHP José Morales
Batting: RHB Leonardo Hernández 0-0: Ball
1-0: Called Strike
1-1: TRIPLE (Line Drive, 78XD)
Batting: LHB Chi-hun Chong 0-0: Ball
1-0: Ball
2-0: Ball
3-0: Called Strike
3-1: Base on Balls
Batting: RHB Troy Whitehurst 0-0: Ball
1-0: SINGLE (Groundball, 6M) (infield hit)
Leonardo Hernández scores
Chi-hun Chong to second
Batting: LHB Miguel Vásquez 0-0: Foul Ball, location: 2F
0-1: SINGLE (Groundball, 34) (infield hit)
Chi-hun Chong to third
Troy Whitehurst to second
Batting: SHB Tomás Solorzano 0-0: Ball
1-0: Called Strike
1-1: Ball
2-1: Foul Ball, location: 2F
2-2: Ball
3-2: Base on Balls
Chi-hun Chong scores
Troy Whitehurst to third
Miguel Vásquez to second
Batting: SHB Ijsbrand van Hoogewegen 0-0: Called Strike
0-1: Foul Ball, location: 2F
0-2: Strikes out swinging
Batting: RHB Chee-hwa Tze 0-0: Ball
1-0: Foul Ball, location: 2F
1-1: Swinging Strike
1-2: Ball
2-2: Strikes out looking
Batting: LHB Luis Miguel González 0-0: Swinging Strike
0-1: Ball
Wild Pitch!
Troy Whitehurst scores
Miguel Vásquez to third
Tomás Solorzano to second
1-1: Ball
2-1: 3-RUN HOME RUN (Flyball, 7LD), Distance : 359 ft
Pitching: RHP Ángel Roldán
Batting: RHB Francisco Vigil 0-0: Ball
1-0: Ball
2-0: Called Strike
2-1: Ground out 6-3 (Groundball, 6)
Bottom of the 8th over - 6 runs, 4 hits, 0 errors, 0 left on base; Durham 6 - Athletic Club KC Academy 14
TOP OF THE 9TH
Durham Rapiers batting - Pitching for Athletic Club KC Academy : RHP Alberto Ortíz
Batting: SHB Cash Masters 0-0: Called Strike
0-1: Swinging Strike
0-2: Ball
1-2: Fly out, F9 (Flyball, 9)
Batting: RHB Armando Chamú 0-0: Ball
1-0: Ball
2-0: Ball
3-0: Called Strike
3-1: Called Strike
3-2: Base on Balls
Batting: RHB Mun-wah Law 0-0: Ball
1-0: Grounds into double play, 5-4-3 (Groundball, 5)
Top of the 9th over - 0 runs, 0 hits, 0 errors, 0 left on base; Durham 6 - Athletic Club KC Academy 14
Wednesday, September 19th, 2018 - OOTP Baseball 18.8 Build 76